 Dungeon Crawl Stone Soup version bcrawl-1.12-10-g10a67aac0f (webtiles) character file.

Game seed: 4069487863690105603

44 Hercules1031 the Shield-Bearer (level 3, -9/29 HPs)
             Began as a Formicid Fighter on June 16, 2019.
             Mangled by an ogre
             ... wielding a cursed -1 giant club
              (11 damage)
             ... on level 2 of the Dungeon.
             The game lasted 00:04:59 (863 turns).

Hercules1031 the Shield-Bearer (Formicid Fighter)    Turns: 863, Time: 00:04:59

Health: -9/29      AC:  8    Str: 21    XL:     3   Next: 85%
Magic:  3/3        EV:  8    Int:  7    God:
Gold:   112        SH:  9    Dex: 10    Spells: 2/2 levels left

rFire    . . .     SeeInvis +   a - +0 flail
rCold    . . .     Gourm    .   c - +0 shield
rNeg     . . .     Faith    .   b - +0 scale mail
rPois    .         Spirit   .   (helmet unavailable)
rElec    .         Reflect  .   k - +0 cloak
rCorr    .         Harm     .   (no gloves)
MR       .....                  (no boots)
Stlth    ..........             (no amulet)
HPRegen  0.09/turn              (no ring)
MPRegen  0.08/turn              (no ring)

@: no status effects
A: permanent stasis, dig shafts and tunnels, four strong arms, antennae 3
a: Dig, Shaft Self


You were on level 2 of the Dungeon.
You were not hungry.

You visited 1 branch of the dungeon, and saw 2 of its levels.

You collected 112 gold pieces.

Inventory:

Hand Weapons
 a - a +0 flail (weapon)
 i - a +1 short sword of venom
Armour
 b - a +0 scale mail (worn)
 c - a +0 shield (worn)
 k - a +0 cloak (worn)
Scrolls
 g - a scroll of immolation {unknown}
 h - a scroll of amnesia {unknown}
 l - a scroll of fear {unknown}
 m - a scroll of fog {unknown}
Potions
 d - a potion of might
 e - 2 potions of mutation {unknown}
 j - a potion of curing {unknown}
Comestibles
 f - 4 rations {!d}


   Skills:
 + Level 3.6 Fighting
 + Level 2.4 Maces & Flails
 + Level 3.6 Armour
 + Level 1.1 Dodging
 + Level 4.0 Shields


You had 2 spell levels left.
You didn't know any spells.
Your spell library was empty.

Dungeon Overview and Level Annotations

Branches:
Dungeon (2/12)

Altars:
The Shining One


Innate Abilities, Weirdness & Mutations

You cannot be hasted, slowed, berserked, paralysed or teleported.
You can dig through walls and to a lower floor.
Your four strong arms can wield two-handed weapons with a shield.
You have a pair of large antennae on your head. (SInv)


Message History

There is a stone staircase leading down here.
You sense a monster nearby.
There is an escape hatch in the ceiling here.
An ogre comes into view. It is wielding a -1 giant club.
The ogre shouts!
A kobold comes into view. It is wielding a +0 dagger.
The kobold throws a stone.
The stone hits you but does no damage.
Found a helmet.
The ogre hits you with a cursed -1 giant club!
You thump the ogre!
The ogre is moderately wounded.
The ogre hits you with a cursed -1 giant club.
You hit the ogre.
The ogre is heavily wounded.
The ogre hits you with a cursed -1 giant club!
* * * LOW HITPOINT WARNING * * *
You hit the ogre but do no damage.
The ogre is heavily wounded.
The ogre hits you with a cursed -1 giant club!
You die...

.. . .# .##
.. ... ..
#.# #. #.#
#.?##.######
#.O@.K....#
####.####..[
#.<##
##..###
##...#
###.##
#..###
##>..# ###.#


You could see an ogre and a kobold.

Vanquished Creatures
  A worm (D:1)
  3 dart slugs (D:1)
  A leopard gecko (D:1)
  3 giant cockroaches (D:1)
  7 goblins (D:1)
  4 hobgoblins (D:1)
  A bat (D:1)
  2 frilled lizards (D:1)
  6 kobolds (D:1)
  4 rats (D:1)
  A bush (D:1)
33 creatures vanquished.

Notes
Turn   | Place    | Note
-------+----------+-------------------------------------------
     0 | D:1      | Hercules1031 the Formicid Fighter began the quest for the
                  | Orb.
     0 | D:1      | Reached XP level 1. HP: 18/18 MP: 1/1
    27 | D:1      | Reached XP level 2. HP: 21/24 MP: 2/2
   200 | D:1      | Found a glowing golden altar of the Shining One.
   333 | D:1      | Reached XP level 3. HP: 24/29 MP: 3/3
   380 | D:1      | Reached skill level 1 in Dodging
   384 | D:1      | Reached skill level 4 in Shields
   858 | D:2      | Noticed an ogre
   863 | D:2      | Mangled by an ogre

Skill      XL: |  1  2  3 |
---------------+----------+-----
Dodging        | 1 |  1.1
Shields        | 4 |  4.0
Fighting       | |  3.6
Maces & Flails | |  2.4
Armour         | |  3.6

Action                   || total
-------------------------++-------
Melee: Flail             ||   181
  Use: Scroll            ||     4
Armor: Scale mail        ||    47
Dodge: Dodged            ||    27
Block: Shield            ||    71
